 Dungeon Crawl Stone Soup version 0.29.1-15-g9cfb28693d (webtiles) character file.

Game seed: 3534624818216988856

56 jtron the Nimble (level 3, -22/31 HPs)
             Began as a Gnoll Wanderer on Mar 20, 2023.
             Killed by an exploding themself (39 damage)
             ... ignited by their inner flame
             ... on level 3 of the Dungeon.
             The game lasted 00:06:25 (2165 turns).

jtron the Nimble (Gnoll Wanderer)                   Turns: 2165, Time: 00:06:26

Health: -22/31     AC:  4    Str: 19    XL:     3   Next: 95%
Magic:  8/9        EV: 14    Int: 12    God:
Gold:   96         SH:  0    Dex: 10    Spells: 8/12 levels left

rFire   . . .      SeeInvis .   a - +0 club
rCold   + . .      Faith    .   (no shield)
rNeg    . . .      Spirit   .   o - +2 robe {rC+}
rPois   .          Reflect  .   (no helmet)
rElec   .          Harm     .   (no cloak)
rCorr   .          Rampage  .   (no gloves)
Will    .....                   (no boots)
Stlth   ..........              (no amulet)
HPRegen 0.10/turn               e - +6 ring of strength
MPRegen 0.11/turn               l - ring of wizardry

@: silenced (expiring)
A: fangs 1, strong nose, distributed training
a: no special abilities


You were on level 3 of the Dungeon.
You visited 1 branch of the dungeon, and saw 4 of its levels.

You collected 96 gold pieces.

Inventory:

Hand Weapons
 a - a +0 club (weapon)
Missiles
 f - 15 stones (quivered)
Armour
 o - a +2 robe of cold resistance (worn)
Jewellery
 e - a +6 ring of strength (left hand)
 l - a ring of wizardry (right hand)
Scrolls
 c - 2 scrolls of vulnerability
 d - a scroll of summoning
 k - 2 scrolls of immolation
 m - a scroll of enchant weapon {unknown}
Potions
 b - a potion of curing
 g - a potion of haste
 h - 2 potions of cancellation
 i - 2 potions of heal wounds


   Skills:
 + Level 4.6 Fighting
 + Level 1.0 Short Blades
 + Level 1.0 Long Blades
 + Level 1.0 Axes
 + Level 1.0 Maces & Flails
 + Level 1.0 Polearms
 + Level 1.0 Staves
 + Level 1.0 Ranged Weapons
 + Level 1.0 Throwing
 + Level 1.0 Armour
 + Level 8.5 Dodging
 + Level 1.0 Stealth
 + Level 1.0 Shields
 + Level 1.0 Unarmed Combat
 + Level 5.0 Spellcasting
 + Level 0.7 Conjurations
 + Level 0.7 Hexes
 + Level 2.2 Summonings
 + Level 0.7 Necromancy
 + Level 0.7 Translocations
 + Level 0.7 Transmutations
 + Level 0.7 Fire Magic
 + Level 0.7 Ice Magic
 + Level 0.7 Air Magic
 + Level 0.7 Earth Magic
 + Level 0.7 Poison Magic
 + Level 2.7 Invocations
 + Level 1.0 Evocations


You had 8 spell levels left.
You knew the following spells:

 Your Spells              Type           Power      Damage    Failure   Level
a - Summon Small Mammal   Summ           32%        N/A       3%          1
b - Summon Guardian Gole  Hex/Summ       6%         N/A       13%         3

Your spell library contained the following spells:

 Spells                   Type           Power      Damage    Failure   Level


Dungeon Overview and Level Annotations

Branches:
Dungeon (4/15)
 Temple: D:4-7

Altars:


Innate Abilities, Weirdness & Mutations

You have very sharp teeth.
Your uncanny sense of smell can sniff out nearby items.
Your experience applies equally to all skills.


Message History

The orc wizard hits your guardian golem but does no damage.
Press: ? - help, v - describe, . - travel
Here: a guardian golem (silenced, severely damaged, summoned, inner flame, friendly)
The floor.
Unknown command.
Magic scrolls do not work when you're silenced!
Unknown command.
The orc hits your guardian golem but does no damage.
The orc wizard hits your guardian golem but does no damage.
Magic scrolls do not work when you're silenced!
The orc barely misses your guardian golem.
The orc wizard hits your guardian golem but does no damage.
Magic scrolls do not work when you're silenced!
Unknown command.
The orc hits your guardian golem but does no damage.
The orc wizard hits your guardian golem but does no damage.
The orc hits your guardian golem but does no damage.
The orc wizard gestures at you while chanting.
The puff of flame hits your guardian golem.
Your guardian golem resists.
Flame seeps out of your guardian golem.
Your guardian golem is engulfed in blazing flames.
Flame seeps out of your guardian golem.
The orc hits your guardian golem but does no damage.
The orc wizard gestures at you while chanting.
The puff of flame hits your guardian golem.
Your guardian golem resists.
Flame seeps out of your guardian golem.
Your guardian golem is engulfed in blazing flames.
Flame seeps out of your guardian golem.
The orc hits your guardian golem but does no damage.
The orc wizard hits your guardian golem but does no damage.
Your guardian golem is engulfed in blazing flames.
Your guardian golem disappears in a puff of smoke!
Your guardian golem explodes!
The fiery explosion engulfs the orc wizard!!
The orc wizard dies!
The fiery explosion engulfs you!!!
Ouch! That really hurt!
You die...

### #####@#
#####...#°#
+......K§o#
####.#.#o#
#.#o#
#.#.#####
#<#.....#
###.###.#
#.......#


You could see an orc priest and 2 orcs.

Vanquished Creatures
  A dart slug (D:2)
  An orc (D:3)
  9 endoplasms
  A goblin (D:1)
  A hobgoblin (D:1)
  2 jackals (D:1)
  3 kobolds
  4 quokkas (D:1)
  2 ball pythons
  4 bats
  2 frilled lizards
  3 rats
33 creatures vanquished.

Vanquished Creatures (collateral kills)
  An adder (D:2)
  An endoplasm (D:2)
  A giant cockroach (D:2)
  A jackal (D:1)
  A ball python (D:1)
5 creatures vanquished.

Vanquished Creatures (others)
  An orc wizard (D:3)
  A plant (D:1)
2 creatures vanquished.

Grand Total: 40 creatures vanquished

Notes
Turn   | Place    | Note
-------+----------+-------------------------------------------
     0 | D:1      | jtron the Gnoll Wanderer began the quest for the Orb.
     0 | D:1      | jtron set off with the following items: a +0 club, a potion
                  | of curing, a scroll of vulnerability, a +2 leather armour;
                  | and the following spell memorised: Summon Small Mammal; and
                  | the following spells available to memorise: Summon Guardian
                  | Golem.
     0 | D:1      | Reached XP level 1. HP: 20/20 MP: 6/6
   116 | D:1      | Reached XP level 2. HP: 17/26 MP: 5/7
   810 | D:1      | Reached skill level 5 in Spellcasting
   810 | D:1      | Reached XP level 3. HP: 19/31 MP: 7/9
  1317 | D:1      | Learned a level 3 spell: Summon Guardian Golem
  1468 | D:2      | Identified the +6 ring mail "Usia" {Str+2}
  1552 | D:2      | Reached skill level 1 in Short Blades
  1552 | D:2      | Reached skill level 1 in Long Blades
  1552 | D:2      | Reached skill level 1 in Axes
  1552 | D:2      | Reached skill level 1 in Maces & Flails
  1552 | D:2      | Reached skill level 1 in Polearms
  1552 | D:2      | Reached skill level 1 in Staves
  1552 | D:2      | Reached skill level 1 in Ranged Weapons
  1552 | D:2      | Reached skill level 1 in Throwing
  1552 | D:2      | Reached skill level 1 in Armour
  1552 | D:2      | Reached skill level 1 in Stealth
  1552 | D:2      | Reached skill level 1 in Shields
  1552 | D:2      | Reached skill level 1 in Unarmed Combat
  1552 | D:2      | Reached skill level 1 in Evocations
  2003 | D:2      | You fall into a shaft and drop 2 floors!
  2079 | D:4      | Noticed a scorpion
  2165 | D:3      | Killed by an exploding themself... ignited by their inner
                  | flame

Illustrated notes

Levels and vault maps discovered:
D:1:      giann_bridges, layout_loops_ring, minmay_box_of_dots
D:2:      layout_basic, uniq_robin
D:3:      layout_basic, ebering_ghost_inner_flame, nicolae_ecumenical_pavilion,
          uniq_natasha, uniq_terence
D:4:      layout_basic, minmay_temple_entry_arrows,
          nicolae_ossuary_entry_catacombs

Skill      XL: |  1  2  3 |
---------------+----------+-----
Summonings     | 2 |  2.2
Spellcasting   | 5 |  5.0
Short Blades   | 1 |  1.0
Long Blades    | 1 |  1.0
Axes           | 1 |  1.0
Maces & Flails | 1 |  1.0
Polearms       | 1 |  1.0
Staves         | 1 |  1.0
Ranged Weapons | 1 |  1.0
Throwing       | 1 |  1.0
Armour         | 1 |  1.0
Stealth        | 1 |  1.0
Shields        | 1 |  1.0
Unarmed Combat | 1 |  1.0
Evocations     | 1 |  1.0
Fighting       | |  4.6
Dodging        | |  8.5
Conjurations   | |  0.7
Hexes          | |  0.7
Necromancy     | |  0.7
Translocations | |  0.7
Transmutations | |  0.7
Fire Magic     | |  0.7
Ice Magic      | |  0.7
Air Magic      | |  0.7
Earth Magic    | |  0.7
Poison Magic   | |  0.7
Invocations    | |  2.7

Action                   || total
-------------------------++-------
Melee: Club              ||   146
       Bite              ||    14
 Cast: Summon Small Mamm ||    12
       Summon Guardian G ||     5
  Use: Scroll            ||     6
 Stab: Sleeping          ||     2
       Distracted        ||     1
Armor: Leather armour    ||    26
       Robe              ||    21
Dodge: Dodged            ||   146
